 Dungeon Crawl Stone Soup version 0.31.0-1-g2c135a0 (webtiles) character file.

Game seed: 13482590112938357951

34 jagoly the Digger (level 3, 0/26 HPs)
             Began as a Human Earth Elementalist on Jan 30, 2024.
             Slain by a gnoll
             ... wielding a +2 heavy spear
              (4 damage)
             ... on level 2 of the Dungeon.
             The game lasted 00:02:06 (166 turns).

jagoly the Digger (Human Earth Elementalist)         Turns: 166, Time: 00:02:07

Health: 0/26       AC:  3    Str:  8    XL:     3   Next: 31%
Magic:  1/6        EV: 12    Int: 22    God:
Gold:   28         SH:  0    Dex: 13    Spells: 5/6 levels left

rFire   . . .        d - +0 club
rCold   . . .        (no shield)
rNeg    . . .        a - +0 robe
rPois   .            (no helmet)
rElec   .            (no cloak)
rCorr   .            (no gloves)
SInv    .            e - +0 pair of boots of Evolution {^Drain Int+5}
Will    .....        (no amulet)
Stlth   ++           (no ring)
HPRegen 0.24/turn    (no ring)
MPRegen 0.10/turn

%: no passive effects
@: no status effects
A: explore regen
a: no special abilities


You were on level 2 of the Dungeon.
You visited 1 branch of the dungeon, and saw 2 of its levels.

You collected 28 gold pieces.

Inventory:

Hand Weapons
 d - a +0 club (weapon)
Missiles
 c - 7 stones
Armour
 a - a +0 robe (worn)
 e - the +0 pair of boots of Evolution (worn) {^Drain Int+5}
   (You found it on level 2 of the Dungeon)

   Int+5:     It affects your intelligence (+5).
   ^Drain:    It drains your maximum health when unequipped.
Potions
 b - a potion of magic


   Skills:
 + Level 1.0 Fighting
 + Level 2.3 Dodging
 + Level 2.3 Stealth
 - Level 2.0 Spellcasting
 + Level 1.4 Conjurations
 * Level 3.4 Earth Magic


You had 5 spell levels left.
You knew the following spells:

 Your Spells              Type           Power      Damage    Failure   Level
a - Sandblast             Erth           34%        2d9       3%          1

Your spell library contained the following spells:

 Spells                   Type           Power      Damage    Failure   Level
 Passwall                 Erth           17%        N/A       10%         3
 Stone Arrow              Conj/Erth      26%        3d8       16%         3
 Brom's Barrelling Bould  Conj/Erth      13%        2d4       45%         4
 Petrify                  Alch/Erth      9%         N/A       56%         4


Dungeon Overview and Level Annotations

Branches:
Dungeon (2/15) Zot: 11824

Altars:


Innate Abilities, Weirdness & Mutations

You regain HP and MP as you explore.


Message History

Welcome, jagoly the Human Earth Elementalist.
Below lies the Orb of Zot, rumoured to be powerful enough to resurrect a god...
Press ? for a list of commands and other information.
Found a robe.
Found two stairs.
There is a stone staircase leading down here.
You climb downwards.
There is a stone staircase leading up here.
A rat comes into view.
The rat squeaks loudly.
Cast which spell? (? or * to list)
Aiming: Sandblast (safe; 6% risk of failure)
Press: ? - help, Shift-Dir - straight line, f - rat
Aim: a rat (82% to hit)
The blast of sand hits the rat.
You kill the rat!
Magic restored.
Found a mace.
Found 7 stones.
You see here 7 stones.
c - 7 stones
Found 9 gold pieces.
You now have 9 gold pieces.
A goblin comes into view. It is wielding a +0 club.
An adder comes into view.
Cast which spell? (? or * to list)
Aiming: Sandblast (safe; 6% risk of failure)
Press: ? - help, Shift-Dir - straight line, f - goblin
Aim: a goblin, wielding a +0 club (77% to hit)
The blast of sand hits the goblin!
You kill the goblin!
Cast which spell? (? or * to list)
Aiming: Sandblast (safe; 6% risk of failure)
Press: ? - help, Shift-Dir - straight line, f - adder
Aim: an adder (70% to hit)
The blast of sand hits the adder!
The adder is severely wounded.
Cast which spell? (? or * to list)
Aiming: Sandblast (safe; 6% risk of failure)
Press: ? - help, Shift-Dir - straight line, f/p - adder
Aim: an adder (severely wounded, 70% to hit)
The blast of sand hits the adder.
The adder is almost dead.
The adder bites you.
You miss the adder.
The adder is almost dead.
The adder bites you.
You miss the adder.
The adder is almost dead.
The adder misses you. The adder closely misses you.
You closely miss the adder.
The adder is almost dead.
The adder bites you.
You hit the adder but do no damage.
The adder is almost dead.
The adder bites you.
Cast which spell? (? or * to list)
Aiming: Sandblast (safe; 6% risk of failure)
Press: ? - help, Shift-Dir - straight line, f/p - adder
Aim: an adder (almost dead, 70% to hit)
The blast of sand hits the adder.
You kill the adder!
You have reached level 2!
You see here a +0 club.
d - a +0 club (weapon)
Found an escape hatch in the floor.
HP restored.
A goblin comes into view. It is wielding a +0 club.
Found 6 gold pieces and a pair of warped boots.
A goblin is nearby!
An adder comes into view.
The adder hisses angrily.
There is an escape hatch in the floor here.
Cast which spell? (? or * to list)
Aiming: Sandblast (safe; 6% risk of failure)
Press: ? - help, Shift-Dir - straight line, f - adder
Aim: an adder (70% to hit)
The blast of sand hits the adder!
You kill the adder!
Cast which spell? (? or * to list)
Aiming: Sandblast (safe; 5% risk of failure)
Press: ? - help, Shift-Dir - straight line, f - goblin
Aim: a goblin, wielding a +0 club (wandering, hasn't noticed you, 77% to hit)
The blast of sand hits the goblin.
You kill the goblin!
You see here the +0 pair of boots of Evolution {^Drain Int+5}.
You start putting on your armour.
You continue putting on the +0 pair of boots of Evolution {^Drain Int+5}. x4
You finish putting on the +0 pair of boots of Evolution {^Drain Int+5}.
You feel clever.
Found 13 gold pieces.
You now have 15 gold pieces (gained 6).
You now have 28 gold pieces (gained 13).
Magic restored.
An endoplasm comes into view.
An endoplasm is nearby!
An endoplasm is nearby!
Cast which spell? (? or * to list)
You can't see any susceptible monsters within range! (Use Z to cast anyway.) Cast which spell? (? or * to list)
Aiming: Sandblast (safe; 4% risk of failure)
Press: ? - help, Shift-Dir - straight line, f - endoplasm
Aim: an endoplasm (asleep, 100% to hit)
The blast of sand hits the endoplasm!
You kill the endoplasm!
A kobold comes into view. It is wielding a +0 dagger.
A kobold is nearby!
Found a dagger.
The kobold shouts!
Cast which spell? (? or * to list)
Aiming: Sandblast (safe; 4% risk of failure)
Press: ? - help, Shift-Dir - straight line, f - kobold
Aim: a kobold, wielding a +0 dagger (77% to hit)
The blast of sand misses the kobold.
Cast which spell? (? or * to list)
Aiming: Sandblast (safe; 4% risk of failure)
Press: ? - help, Shift-Dir - straight line, f/p - kobold
Aim: a kobold, wielding a +0 dagger (77% to hit)
The blast of sand misses the kobold.
Cast which spell? (? or * to list)
Aiming: Sandblast (safe; 4% risk of failure)
Press: ? - help, Shift-Dir - straight line, f/p - kobold
Aim: a kobold, wielding a +0 dagger (77% to hit)
The blast of sand hits the kobold!
You kill the kobold!
You have reached level 3!
Your experience leads to an increase in your attributes!
Your base attributes are Str 8, Int 15, Dex 13.
Increase (S)trength, (I)ntelligence, or (D)exterity?
You feel clever. x2
You open the door.
A ball python and 3 gnolls come into view.
A gnoll is wielding a +2 heavy spear.
Found a thick silver amulet, a rapier and 14 gold pieces.
Cast which spell? (? or * to list)
Aiming: Sandblast (safe; 3% risk of failure)
Press: ? - help, Shift-Dir - straight line, f - ball python
Aim: a ball python (80% to hit)
Okay, then.
Cast which spell? (? or * to list)
Aiming: Sandblast (safe; 3% risk of failure)
Press: ? - help, Shift-Dir - straight line, f - ball python
Aim: a ball python (80% to hit)
The blast of sand hits the ball python.
You kill the ball python!
The gnoll shouts! x3
There is an open door here.
Cast which spell? (? or * to list)
Aiming: Sandblast (safe; 3% risk of failure)
Press: ? - help, Shift-Dir - straight line, f - gnoll
Aim: a gnoll, wielding a +0 flail (84% to hit)
The blast of sand hits the gnoll.
The gnoll is lightly wounded.
The gnoll barely misses you.
Cast which spell? (? or * to list)
Aiming: Sandblast (safe; 3% risk of failure)
Press: ? - help, Shift-Dir - straight line, f/p - gnoll
Aim: a gnoll, wielding a +0 flail (lightly wounded, 84% to hit)
The blast of sand hits the gnoll but does no damage.
The gnoll is lightly wounded.
The gnoll hits you with a +0 flail.
Cast which spell? (? or * to list)
Aiming: Sandblast (safe; 3% risk of failure)
Press: ? - help, Shift-Dir - straight line, f/p - gnoll
Aim: a gnoll, wielding a +0 flail (lightly wounded, 84% to hit)
The blast of sand hits the gnoll!
The gnoll is almost dead.
The gnoll hits you with a +0 flail. The gnoll closely misses you.
Cast which spell? (? or * to list)
Aiming: Sandblast (safe; 3% risk of failure)
Press: ? - help, Shift-Dir - straight line, f/p - gnoll
Aim: a gnoll, wielding a +0 flail (almost dead, 84% to hit)
Okay, then.
Hit: d) +0 club
Press: ? - help, Dir - move target, f/p - gnoll
Aim: a gnoll, wielding a +0 flail (almost dead, about 39% to evade your +0 club)
You barely miss the gnoll.
The gnoll is almost dead.
The gnoll hits you with a +0 flail!
Hit: d) +0 club
Press: ? - help, Dir - move target, f/p - gnoll
Aim: a gnoll, wielding a +0 flail (almost dead, about 39% to evade your +0 club)
You hit the gnoll.
You kill the gnoll!
Your Fighting skill increases to level 1!
Cast which spell? (? or * to list)
Aiming: Sandblast (safe; 3% risk of failure)
Press: ? - help, Shift-Dir - straight line, f - gnoll
Aim: a gnoll, wielding a +0 flail (84% to hit)
The blast of sand misses the gnoll.
The blast of sand hits the gnoll.
The gnoll is lightly wounded.
The gnoll barely misses you. x2
Cast which spell? (? or * to list)
Aiming: Sandblast (safe; 3% risk of failure)
Press: ? - help, Shift-Dir - straight line, f/p - gnoll
Aim: a gnoll, wielding a +0 flail (84% to hit)
The blast of sand misses the gnoll.
The blast of sand hits the gnoll!
The gnoll is severely wounded.
The gnoll barely misses you. x2
The gnoll hits you from afar with a +2 heavy spear!
* * * LOW HITPOINT WARNING * * *
Cast which spell? (? or * to list)
Aiming: Sandblast (safe; 3% risk of failure)
Press: ? - help, Shift-Dir - straight line, f/p - gnoll
Aim: a gnoll, wielding a +0 flail (84% to hit)
The blast of sand hits the gnoll.
The gnoll is heavily wounded.
The gnoll hits you with a +0 flail.
* * * LOW HITPOINT WARNING * * *
The gnoll hits you from afar with a +2 heavy spear.
You die...

#.......#..
#.#####.#.# .#
##.#.....#.## .#
..)......#..### .#
##.#..........# .#
##.#..........###.###
.#)#.....#...#......
.#.......#..#.###.#
.#########....gg@.#
.# ##.####### .# #'#
.# #.g.# .## #.....#
..## #.......#
...####.......g.#
......+.).......+
...####.$.......#


You could see 2 gnolls.

Vanquished Creatures
  2 adders (D:2)
  A gnoll (D:2)
  A ball python (D:2)
  An endoplasm (D:2)
  2 goblins (D:2)
  A kobold (D:2)
  A rat (D:2)
9 creatures vanquished.

Notes
Turn   | Place    | Note
-------+----------+-------------------------------------------
     0 | D:1      | jagoly the Human Earth Elementalist began the quest for the
                  | Orb.
     0 | D:1      | Reached XP level 1. HP: 13/13 MP: 3/3
    64 | D:2      | Reached XP level 2. HP: 11/20 MP: 0/5
    87 | D:2      | Identified the +0 pair of boots of Evolution {^Drain Int+5}
   134 | D:2      | Reached XP level 3. HP: 25/25 MP: 3/6
   164 | D:2      | Reached skill level 1 in Fighting
   166 | D:2      | Slain by a gnoll

Illustrated notes

Levels and vault maps discovered:
D:1:      dpeg_arrival_line_fractal, layout_basic, dk_noncrumbling_3,
          dreamdust_wishing_well, chequers_serial_rivers_large_b
D:2:      kennysheep_the_goblin_king, layout_loops_corners,
          chequers_serial_rivers_room_a, eino_curves_04

Skill      XL: |  1  2  3 |
---------------+----------+-----
Fighting       | 1 |  1.0
Dodging        | |  2.3
Stealth        | |  2.3
Spellcasting   | |  2.0
Conjurations   | |  1.4
Earth Magic    | |  3.4

Action                     || total
---------------------------++-------
  Melee: Unarmed           ||     4
         Club              ||     2
   Cast: Sandblast         ||    18
 Armour: Robe              ||    10
  Dodge: Dodged            ||     8
